 Dungeon Crawl Stone Soup version 0.26-a0-1184-g95e395e029 (webtiles) character file.

Game seed: 7725248645162277060

1748 Arthanis the Arsonist (level 8, -2/41 HPs)
             Began as a Deep Elf Fire Elementalist on Dec 27, 2020.
             Was a Follower of Vehumet.
             Shot with a sling bullet by Joseph (20 damage)
             ... on level 7 of the Dungeon.
             The game lasted 00:10:22 (7526 turns).

Arthanis the Arsonist (Deep Elf Fire Elementalist)  Turns: 7526, Time: 00:10:22

Health: -2/41      AC:  4    Str:  5    XL:     8   Next: 78%
Magic:  12/21      EV: 13    Int: 23    God:    Vehumet [*.....]
Gold:   387        SH:  0    Dex: 15    Spells: 8/22 levels left

rFire    . . .     SeeInvis .   j - +0 short sword (venom)
rCold    . . .     Faith    .   (no shield)
rNeg     . . .     Spirit   .   a - +0 robe
rPois    .         Reflect  .   k - +1 helmet
rElec    .         Harm     .   (no cloak)
rCorr    .         Rampage  .   (no gloves)
Will     +....                  (no boots)
Stlth    +++.......             (no amulet)
HPRegen  0.13/turn              i - ring of stealth
MPRegen  0.17/turn              u - ring of willpower

@: no status effects
A: no striking features
a: Renounce Religion


You were on level 7 of the Dungeon.
You worshipped Vehumet.
Vehumet was aware of your devotion.
You visited 1 branch of the dungeon, and saw 8 of its levels.

You collected 387 gold pieces.

Inventory:

Hand Weapons
 d - a +0 short sword
 j - a +0 short sword of venom (weapon)
Armour
 a - a +0 robe (worn)
 k - a +1 helmet (worn)
Jewellery
 i - a ring of stealth (left hand)
 u - a ring of willpower (right hand)
Wands
 s - a wand of disintegration (16)
Scrolls
 b - 9 scrolls of remove curse {unknown}
 c - 6 scrolls of teleportation {unknown}
 e - 3 scrolls of identify {unknown}
 g - a scroll of immolation {unknown}
 h - 3 scrolls of magic mapping {unknown}
 m - a scroll of noise {unknown}
 p - a scroll of blinking {unknown}
 q - 2 scrolls of enchant armour {unknown}
 t - 2 scrolls of amnesia {unknown}
Potions
 f - a potion of heal wounds {unknown}
 l - a potion of brilliance {unknown}
 n - 3 potions of curing {unknown}
 o - a potion of berserk rage {unknown}
 r - a potion of might


   Skills:
 - Level 2.4 Dodging
 - Level 2.4 Stealth
 + Level 7.9 Spellcasting
 + Level 6.1 Conjurations
 * Level 9.4 Fire Magic


You had 8 spell levels left.
You knew the following spells:

 Your Spells              Type           Power        Failure   Level
a - Foxfire               Conj/Fire      100%         1%          1
b - Conjure Flame         Conj/Fire      45%          1%          3
c - Sticky Flame          Conj/Fire      45%          2%          4
d - Fireball              Conj/Fire      22%          8%          5
e - Shock                 Conj/Air       92%          1%          1

Your spell library contained the following spells:

 Spells                   Type           Power        Failure   Level
 Inner Flame              Hex/Fire       30%          3%          3
 Static Discharge         Conj/Air       23%          6%          3
 Swiftness                Air            9%           11%         2
 Confusing Touch          Hex            9%           22%         3
 Gell's Gravitas          Tloc           4%           22%         3
 Lightning Bolt           Conj/Air       11%          50%         5
 Airstrike                Air            4%           56%         4
 Petrify                  Tmut/Erth      9%           56%         4
 Metabolic Englaciation   Hex/Ice        4%           89%         5
 Yara's Violent Unravell  Hex/Tmut       4%           89%         5


Dungeon Overview and Level Annotations

Branches:
Dungeon (8/15)
 Temple: D:4-7         Lair: D:8-11

Altars:
Kikubaaqudgha
Qazlal
Ru
Sif Muna
Vehumet
Wu Jian
Zin
The Shining One

Shops:
D:4 }

Annotations:
D:7 Harold, Joseph


Message History

Casting: Foxfire (safe; 1% risk of failure)
Confirm with . or Enter, or press ? or * to list all spells.
You conjure some foxfire!
The foxfire hits Joseph.
Joseph is heavily wounded.
The foxfire hits Joseph.
Joseph is heavily wounded.
Joseph shoots a sling bullet.
The sling bullet hits you.
Casting: Foxfire (safe; 1% risk of failure)
Confirm with . or Enter, or press ? or * to list all spells.
You conjure some foxfire!
The foxfire hits Joseph.
Joseph is heavily wounded.
The foxfire hits Joseph.
Joseph is heavily wounded.
Casting: Foxfire (safe; 1% risk of failure)
Confirm with . or Enter, or press ? or * to list all spells.
You conjure some foxfire!
The foxfire hits Joseph.
Joseph is severely wounded.
Joseph says, "You must be punished!
Or...
I want to punish you!"
Joseph shoots a sling bullet.
The sling bullet hits you!!
You die...

# # # ########. ####
#........ ...#
#........ ....
#........ ###.
######........
#>...§v§......
#....v@§§@†...
#....v#######.#########
#.....# #.<.l...#
#.....# ........K55..#
## #.....#
.........5...# .#
#######.....#
.......####### .#
#........)..# .......
.# #........####
@...... .# #........#
####+##


You could see Joseph.

Vanquished Creatures
  Pikel (D:7)
  A wyvern (D:8)
  An ice beast (D:5)
  A sky beast (D:5)
  A phantom (D:5)
  A centaur (D:6)
  An ogre (D:7)
  A lemure (D:6)
  A big kobold (D:8)
  A jelly (D:7)
  A bullfrog skeleton (D:5)
  A bullfrog zombie (D:5)
  3 hounds
  An orc priest (D:3)
  2 orc wizards (D:3)
  3 iguanas
  3 worker ants
  A killer bee zombie (D:5)
  Robin (D:2)
  An adder (D:5)
  2 white imps
  5 ufetubi
  An ooze (D:5)
  An adder zombie (D:5)
  2 worms (D:4)
  3 dart slugs
  7 leopard geckos
  11 orcs
  5 giant cockroaches
  8 goblins
  13 hobgoblins
  20 jackals
  11 kobolds
  A quokka (D:5)
  A ball python (D:2)
  5 bats
  2 frilled lizards
  2 jackal zombies (D:5)
  10 rats
137 creatures vanquished.

Vanquished Creatures (collateral kills)
  A foxfire (D:5)
1 creature vanquished.

Vanquished Creatures (others)
  559 foxfires
  51 plants (D:5)
610 creatures vanquished.

Grand Total: 748 creatures vanquished

Notes
Turn   | Place    | Note
-------+----------+-------------------------------------------
     0 | D:1      | Arthanis the Deep Elf Fire Elementalist began the quest for
                  | the Orb.
     0 | D:1      | Reached XP level 1. HP: 10/10 MP: 6/6
   190 | D:1      | Reached XP level 2. HP: 13/15 MP: 0/8
   524 | D:1      | Reached skill level 4 in Fire Magic
   678 | D:1      | Reached XP level 3. HP: 13/19 MP: 1/10
  1606 | D:2      | Found a faded altar of an unknown god.
  1618 | D:2      | Noticed Robin
  1623 | D:2      | Killed Robin
  1624 | D:2      | Reached XP level 4. HP: 24/24 MP: 0/11
  1762 | D:2      | Learned a level 3 spell: Conjure Flame
  1767 | D:2      | Learned a level 4 spell: Sticky Flame
  2206 | D:3      | Found a shimmering blue altar of Sif Muna.
  2379 | D:3      | Reached skill level 5 in Fire Magic
  2381 | D:3      | Reached XP level 5. HP: 28/28 MP: 2/13
  2921 | D:3      | Found an ancient bone altar of Kikubaaqudgha.
  2921 | D:3      | Found a glowing golden altar of the Shining One.
  3005 | D:3      | Found an ornate altar of the Wu Jian Council.
  3769 | D:4      | Reached XP level 6. HP: 32/32 MP: 7/15
  3775 | D:4      | Learned a level 5 spell: Fireball
  3847 | D:4      | Found a glowing silver altar of Zin.
  3918 | D:4      | Found Utykak's Gadget Emporium.
  3956 | D:4      | Found a sacrificial altar of Ru.
  4067 | D:4      | Found a stormy altar of Qazlal.
  4108 | D:4      | Reached skill level 5 in Spellcasting
  4539 | D:5      | Entered Level 5 of the Dungeon
  4590 | D:5      | Reached skill level 6 in Fire Magic
  4892 | D:5      | Found a radiant altar of Vehumet.
  4965 | D:5      | Became a worshipper of Vehumet
  5127 | D:5      | Noticed a sky beast
  5133 | D:5      | Killed a sky beast
  5134 | D:5      | Reached XP level 7. HP: 36/36 MP: 10/17
  5456 | D:5      | Reached skill level 7 in Fire Magic
  6637 | D:7      | Noticed Pikel
  6638 | D:7      | Noticed Joseph
  6842 | D:7      | Reached skill level 5 in Conjurations
  6842 | D:7      | Reached XP level 8. HP: 41/41 MP: 11/20
  6930 | D:7      | Reached skill level 8 in Fire Magic
  7079 | D:7      | Killed Pikel
  7282 | D:7      | Noticed Harold
  7302 | D:8      | Reached skill level 9 in Fire Magic
  7362 | D:8      | Reached * piety under Vehumet
  7362 | D:8      | Offered knowledge of Shock by Vehumet.
  7376 | D:8      | Learned a level 1 spell: Shock
  7526 | D:7      | Shot with a sling bullet by Joseph

Illustrated notes

Levels and vault maps discovered:
D:1:      tarquinn_simple_flora_water_b, layout_loops_ring
D:2:      layout_loops_ring, chequers_ecumenical_altar_simple, uniq_robin
D:3:      layout_loops_ring, marbit_many_paths, nicolae_overflow_crystal_walls,
          gammafunk_temple_overflow_wave
D:4:      layout_basic, lemuel_coloured_pillars_altar, general_overflow_altar,
          lemuel_crystal_altar, serial_shops, nicolae_shop_stone,
          kennysheep_another_room
D:5:      layout_cave_pools, fiery_altar_vehumet, serial_bayou,
          serial_bayou_crossing, serial_bayou_lake_a, serial_bayou_pond_d,
          serial_bayou_ford_a, serial_bayou_lagoon_a, minmay_misc_feat_doors,
          minmay_increasing_density
D:6:      layout_basic, grunt_temple_overflow_open,
          nemelex_xobeh_ov_fountains_minmay
D:7:      layout_basic, grunt_temple_overflow_bloody_war, temple_statues,
          uniq_harold, uniq_pikel, uniq_joseph
D:8:      layout_loops_ring, lair_entry_dummy, gammafunk_ghost_hive,
          grunt_gozag_breadcrumbs

Skill      XL: |  1  2  3  4  5  6  7  8 |
---------------+-------------------------+-----
Fire Magic     | 4 5 6 7 9 |  9.4
Conjurations   | 2 3 4 5 6 |  6.1
Spellcasting   | 4 5 6 7 |  7.9
Dodging        | |  2.4
Stealth        | |  2.4

Action                   |  1- 3 |  4- 6 |  7- 9 || total
-------------------------+-------+-------+-------++-------
Melee: Unarmed           |     1 |       |       ||     1
       Short sword       |     2 |    24 |     1 ||    27
 Cast: Foxfire           |    98 |   151 |   106 ||   355
       Sticky Flame      |       |       |     4 ||     4
 Stab: Sleeping          |     1 |     9 |       ||    10
Armor: Robe              |    10 |    10 |     3 ||    23
Dodge: Dodged            |    13 |    40 |    14 ||    67

Table legend: (Time is in decaauts)
 A = Elapsed time spent in this place.
 B = Non-inter-level travel time spent in this place.
 C = Inter-level travel time spent in this place.
 D = Time resting spent in this place.
 E = Time spent auto-exploring this place.
 F = Levels seen in this place.
 G = Mean time per level.
                   A        B        C        D        E       F      G
               +--------+--------+--------+--------+--------+-----+--------+
         Total |   7544 |   7320 |    224 |     85 |   6330 |   8 |  943.0 |
       Dungeon |   7544 |   7320 |    224 |     85 |   6330 |   8 |  943.0 |
               +--------+--------+--------+--------+--------+-----+--------+

Top non-repeatable levels by time:
     D:5: 1470 daAuts
     D:4: 1159 daAuts
     D:1: 1137 daAuts
     D:3: 1126 daAuts
     D:2: 1116 daAuts
     D:6: 692 daAuts
     D:7: 646 daAuts
     D:8: 194 daAuts
